 Dungeon Crawl Stone Soup version 0.28.0-53-g5a82cb258f (webtiles) character file.

Game seed: 889175857873003385

438 Plasmagod the Changer (level 6, -4/47 HPs)
             Began as a Draconian Transmuter on Aug 2, 2022.
             Slain by a hornet (13 damage)
             ... on level 5 of the Dungeon.
             The game lasted 00:08:39 (3657 turns).

Plasmagod the Changer (Draconian Transmuter)        Turns: 3657, Time: 00:08:39

Health: -4/47      AC:  6    Str: 12    XL:     6   Next: 69%
Magic:  21/21      EV: 12    Int: 15    God:
Gold:   309        SH:  0    Dex: 12    Spells: 12/13 levels left

rFire   . . .      SeeInvis .   k - +2 whip (pain)
rCold   . . .      Faith    .   (no shield)
rNeg    . . .      Spirit   .   (armour unavailable)
rPois   .          Reflect  .   (helmet currently unavailable)
rElec   .          Harm     .   (no cloak)
rCorr   .          Rampage  .   (no gloves)
Will    .....                   (boots currently unavailable)
Stlth   +.........              j - amulet of regeneration
HPRegen 0.95/turn               n - ring of magical power
MPRegen 0.17/turn               (no ring)

@: lethally poisoned (-4 -> -4), appendages (expiring)
A: horns 2, talons 2, AC +6, unfitting armour, cold-blooded
a: End Transformation


You were on level 5 of the Dungeon.
You had temporarily grown beastly horns and talons.
You visited 1 branch of the dungeon, and saw 5 of its levels.

You collected 309 gold pieces.

Inventory:

Hand Weapons
 b - a +1 dagger of protection
 k - a +2 whip of pain (weapon)
Jewellery
 i - an amulet of magic regeneration
 j - an amulet of regeneration (around neck)
 n - a ring of magical power (left hand)
Scrolls
 a - a scroll of holy word {unknown}
 d - a scroll of amnesia {unknown}
 f - a scroll of silence {unknown}
 g - a scroll of noise {unknown}
 h - 3 scrolls of teleportation {unknown}
 m - a scroll of fog {unknown}
 o - 6 scrolls of identify {unknown}
 s - a scroll of blinking {unknown}
 t - a scroll of summoning {unknown}
Potions
 c - 2 potions of resistance {unknown}
 e - a potion of lignification {unknown}
 l - 2 potions of might {unknown}
 p - a potion of brilliance {unknown}
 q - 2 potions of magic {unknown}
 r - a potion of degeneration {unknown}
 u - a potion of curing {unknown}


   Skills:
 - Level 1.1 Fighting
 - Level 1.7 Dodging
 - Level 3.0 Unarmed Combat
 + Level 4.1 Spellcasting
 + Level 4.4 Transmutations
 + Level 3.8 Ice Magic


You had 12 spell levels left.
You knew the following spells:

 Your Spells              Type           Power      Damage    Failure   Level
a - Beastly Appendage     Tmut           32%        N/A       2%          1

Your spell library contained the following spells:

 Spells                   Type           Power      Damage    Failure   Level
 Wereblood                Tmut           16%        N/A       4%          2
 Spider Form              Tmut/Pois      9%         N/A       22%         3
 Ice Form                 Ice/Tmut       15%        N/A       32%         4


Dungeon Overview and Level Annotations

Branches:
Dungeon (5/15)
 Temple: D:4-7

Altars:

Shops:
D:2 (   D:4 ?

Annotations:
D:3 Grinder


Innate Abilities, Weirdness & Mutations

You have temporarily grown beastly horns and talons.
Your plain brown scales are hard. (AC +6)
You cannot fit into any form of body armour.
You are cold-blooded and may be slowed by cold attacks.


Message History

Found 16 stones.
You now have 309 gold pieces (gained 13).
A hornet comes into view.
The hornet buzzes angrily.
You grow a pair of large bovine horns.
Your feet morph into talons.
The hornet stings you!
You feel yourself slow down.
Okay, then.
You whack the hornet!
Your tail-slap misses the hornet.
Your punch misses the hornet.
The hornet is moderately wounded.
The hornet barely misses you. The hornet misses you.
You hit the hornet.
You headbutt the hornet, but do no damage.
Your tail-slap misses the hornet.
The hornet is moderately wounded.
The hornet misses you. The hornet stings you!
You feel as though you will be slow longer.
The hornet closely misses you.
You hit the hornet. You claw the hornet.
The hornet is heavily wounded.
You feel yourself speed up. The hornet stings you!
You feel yourself slow down. The hornet misses you.
You barely miss the hornet. Your headbutt misses the hornet.
The hornet is heavily wounded.
Your transformation is almost over.
You feel yourself speed up. The hornet stings you.
* * * LOW HITPOINT WARNING * * *
You are poisoned.
You feel yourself slow down. The hornet barely misses you. x2
You hit the hornet.
The hornet is heavily wounded.
You feel yourself speed up.
You feel very sick. The hornet closely misses you.
The hornet stings you but does no damage.
You hit the hornet but do no damage. Your kick misses the hornet.
You headbutt the hornet, but do no damage.
The hornet is heavily wounded.
You feel sick. The hornet closely misses you. The hornet stings you!
You die...

..........#####
#........#
..............#
##########
..............##
............#..#
...........#.#.#
########...#..#########
###...##........
#....##........
#..#..@#........
#....#.y#<......(
#......#.#...W.!..
...##...$#........ ###
######........
......... ........$
......... ..........


You could see a hornet.

Vanquished Creatures
  A scorpion (D:5)
  A water moccasin skeleton (D:5)
  A jelly (D:4)
  2 hounds
  An orc wizard (D:3)
  Robin (D:3)
  5 adders
  6 gnolls
  A white imp (D:4)
  An adder skeleton (D:4)
  3 worms (D:2)
  2 dart slugs (D:1)
  3 orcs
  3 ball pythons
  3 bats (D:1)
  4 endoplasms
  4 giant cockroaches
  9 goblins
  8 hobgoblins
  11 jackals
  3 quokkas
  A frilled lizard (D:3)
  6 kobolds
  2 rats (D:1)
82 creatures vanquished.

Vanquished Creatures (others)
  A plant (D:1)
1 creature vanquished.

Grand Total: 83 creatures vanquished

Notes
Turn   | Place    | Note
-------+----------+-------------------------------------------
     0 | D:1      | Plasmagod the Draconian Transmuter began the quest for the
                  | Orb.
     0 | D:1      | Reached XP level 1. HP: 16/16 MP: 3/3
   226 | D:1      | Reached XP level 2. HP: 19/23 MP: 5/5
   379 | D:1      | Reached skill level 1 in Ice Magic
   794 | D:1      | Reached XP level 3. HP: 21/28 MP: 4/6
   988 | D:1      | Found a faded altar of an unknown god.
  1373 | D:2      | Found Budwyah's Antique Weapon Boutique.
  1378 | D:2      | Reached XP level 4. HP: 30/35 MP: 6/8
  2199 | D:3      | Noticed Robin
  2207 | D:3      | Killed Robin
  2208 | D:3      | Reached XP level 5. HP: 38/40 MP: 9/9
  2292 | D:3      | Noticed Grinder
  2292 | D:3      | Paralysed by Grinder for 3 turns
  2805 | D:4      | Found Mirchuf's Magic Scroll Boutique.
  2892 | D:4      | Identified the +8 dagger of Tienox {distort, Stlth+}
  3268 | D:3      | Reached XP level 6. HP: 37/47 MP: 11/11
  3370 | D:5      | Entered Level 5 of the Dungeon
  3370 | D:5      | Noticed a shadow
  3650 | D:5      | Noticed a hornet
  3657 | D:5      | Slain by a hornet

Illustrated notes

Levels and vault maps discovered:
D:1:      ncdulo_lavacross, layout_basic,
          shapermc_ecumenical_altar_mp_highgroup, minmay_misc_feat_diagonals,
          serial_bayou_lake_a
D:2:      layout_rooms, serial_shops, shop_coins,
          nicolae_elevator_lobby_asterisk
D:3:      kennysheep_six_static_rooms, layout_loops_ring, grunt_decor_cap,
          nrook_mini_vaults, uniq_grinder, uniq_robin
D:4:      layout_gridville, serial_shops, nicolae_shop_hallway_plus
D:5:      layout_cave_pods, hangedman_decor_slide_cut

Skill      XL: |  1  2  3  4  5  6 |
---------------+-------------------+-----
Ice Magic      | 1 2 3 |  3.8
Transmutations | 3 4 |  4.4
Spellcasting   | 3 4 |  4.1
Fighting       | |  1.1
Dodging        | |  1.7
Unarmed Combat | |  3.0

Action                   |  1- 3 |  4- 6 || total
-------------------------+-------+-------++-------
Melee: Dagger            |    77 |       ||    77
       Kick              |    13 |    45 ||    58
       Unarmed           |     3 |       ||     3
       Tailslap          |    10 |    18 ||    28
       Headbutt          |     7 |    34 ||    41
       Whip              |    17 |   222 ||   239
       Punch             |     2 |     2 ||     4
 Cast: Beastly Appendage |     9 |    27 ||    36
 Stab: Sleeping          |     2 |       ||     2
Armor: Skin              |    28 |    75 ||   103
Dodge: Dodged            |    62 |   135 ||   197
